 Dungeon Crawl Stone Soup version 0.26-a0-660-gc07710193c (webtiles) character file.

Game seed: 18012595783828921015

17579 robertstho the Frost Mage (level 12, 0/91 HPs)
             Began as a Gnoll Ice Elementalist on Oct 5, 2020.
             Was an Elder of Sif Muna.
             Killed from afar by an ice statue (24 damage)
             ... with a shard of ice
             ... in an ice cave.
             The game lasted 00:40:15 (17074 turns).

robertstho the Frost Mage (Gnoll Ice Elementalist) Turns: 17074, Time: 00:40:18

Health: 0/91       AC:  9    Str: 13    XL:     12   Next: 49%
Magic:  22/25      EV: 18    Int: 22    God:    Sif Muna [****..]
Gold:   860        SH:  0    Dex: 17    Spells: 14/29 levels left

rFire    x . .     SeeInvis .   L - +0 long sword of Painted Tenacity {speed, rC++ rN+} (curse)
rCold    + + +     Faith    .   (no shield)
rNeg     + . .     Spirit   .   D - +2 robe "Ywoaheam" {rF- rCorr Str+3 Stlth+}
rPois    .         Reflect  .   t - +0 helmet
rElec    .         Harm     .   (no cloak)
rCorr    +         Rampage  .   G - +1 pair of gloves
MR       .....                  C - +0 pair of boots
Stlth    +++++.....             (no amulet)
HPRegen  0.25/turn              J - ring of resist corrosion
MPRegen  0.19/turn              n - ring of protection from cold

@: mighty
A: distributed training, fangs 1, strong nose
a: Channel Magic, Forget Spell, Divine Exegesis, Renounce Religion


You were in an ice cave.
You worshipped Sif Muna.
Sif Muna was greatly pleased with you.
You visited 2 branches of the dungeon, and saw 14 of its levels.
You also visited: Ice Cave.

You collected 860 gold pieces.

Inventory:

Hand Weapons
 o - a +1 mace of holy wrath
 u - a +2 vampiric dagger
 x - a +1 dire flail of holy wrath
 L - the cursed +0 long sword of Painted Tenacity (weapon) {speed, rC++ rN+}
   (You took it off a centaur on level 10 of the Dungeon)

   Attacks with this weapon are significantly faster.
   It greatly protects you from cold.
   It protects you from negative energy.
   It has a curse placed upon it.
Missiles
 s - 48 poisoned darts (quivered)
Armour
 a - a +0 robe
 t - a +0 helmet (worn)
 C - a +0 pair of boots (worn)
 D - the +2 robe "Ywoaheam" (worn) {rF- rCorr Str+3 Stlth+}
   (You found it on level 8 of the Dungeon)

   It affects your strength (+3).
   It makes you vulnerable to fire.
   It provides partial protection from all sources of acid and corrosion.
   It makes you more stealthy.
 G - a +1 pair of gloves (worn)
 M - a +0 pair of gloves of archery
Jewellery
 b - an uncursed amulet of reflection {unknown}
 i - an uncursed ring of stealth
 n - a ring of protection from cold (right hand)
 A - an uncursed ring of protection from fire
 H - an uncursed ring of poison resistance
 J - a ring of resist corrosion (left hand)
Wands
 g - a wand of iceblast (9)
 w - a wand of polymorph (11)
 K - a wand of paralysis (10)
Scrolls
 f - 2 scrolls of amnesia {unknown}
 j - 2 scrolls of fear
 k - 3 scrolls of remove curse
 p - 4 scrolls of immolation {unknown}
 q - 2 scrolls of blinking
 r - 3 scrolls of magic mapping
 v - 4 scrolls of enchant weapon
 y - 4 scrolls of teleportation
 F - 2 scrolls of enchant armour
Potions
 c - 4 potions of might
 d - 3 potions of heal wounds
 e - 2 potions of lignification
 h - 3 potions of mutation
 l - 3 potions of resistance
 m - 4 potions of brilliance
 z - 4 potions of curing
 B - a potion of haste
 E - 3 potions of berserk rage
 I - a potion of invisibility


   Skills:
 + Level 7.3 Fighting
 + Level 7.3 Short Blades
 + Level 7.3 Long Blades
 + Level 7.3 Axes
 + Level 7.3 Maces & Flails
 + Level 7.3 Polearms
 + Level 7.3 Staves
 + Level 7.3 Slings
 + Level 7.3 Bows
 + Level 7.3 Crossbows
 + Level 7.3 Throwing
 + Level 7.3 Armour
 + Level 8.7 Dodging
 + Level 8.5 Stealth
 + Level 7.3 Shields
 + Level 7.3 Unarmed Combat
 + Level 9.0 Spellcasting
 + Level 6.1 Conjurations
 + Level 6.1 Hexes
 + Level 6.1 Summonings
 + Level 6.1 Necromancy
 + Level 6.1 Translocations
 + Level 6.1 Transmutations
 + Level 6.1 Fire Magic
 + Level 9.4 Ice Magic
 + Level 6.1 Air Magic
 + Level 6.1 Earth Magic
 + Level 6.1 Poison Magic
 + Level 8.0 Invocations
 + Level 7.3 Evocations


You had 14 spell levels left.
You knew the following spells:

 Your Spells              Type           Power        Failure   Level
a - Freeze                Ice            ####         1%          1
b - Frozen Ramparts       Ice            ######       1%          3
c - Ozocubu's Armour      Ice            ######..     1%          3
d - Hailstorm             Conj/Ice       #####...     2%          4
e - Summon Ice Beast      Ice/Summ       #####...     2%          4

Your spell library contained the following spells:

 Spells                   Type           Power        Failure   Level
 Animate Skeleton         Necr           #####.       1%          1
 Apportation              Tloc           #####.       1%          1
 Pain                     Necr           ####         1%          1
 Sandblast                Erth           #####.       1%          1
 Summon Small Mammal      Summ           ####         1%          1
 Call Imp                 Summ           #####...     1%          2
 Passwall                 Tmut/Erth      #####...     1%          2
 Call Canine Familiar     Summ           #####...     1%          3
 Confusing Touch          Hex            #####...     1%          3
 Gell's Gravitas          Tloc           #####.....   1%          3
 Lesser Beckoning         Tloc           #####.....   1%          3
 Stone Arrow              Conj/Erth      #####.       1%          3
 Summon Guardian Golem    Hex/Summ       #####...     1%          3
 Tukima's Dance           Hex            #####...     1%          3
 Vampiric Draining        Necr           #####.....   1%          3
 Animate Dead             Necr           #####.....   5%          4
 Petrify                  Tmut/Erth      #####...     5%          4
 Summon Lightning Spire   Summ/Air       #####...     5%          4
 Metabolic Englaciation   Hex/Ice        #####.....   8%          5
 Agony                    Necr           #####...     16%         5
 Alistair's Intoxication  Tmut/Pois      #####....    16%         5
 Lee's Rapid Deconstruct  Erth           #####.....   16%         5
 Yara's Violent Unravell  Hex/Tmut       #####.....   16%         5
 Invisibility             Hex            #####...     63%         6


Dungeon Overview and Level Annotations

Branches:
Dungeon (13/15)            Temple (1/1) D:7            Lair (0/6) D:8
    Orc (0/2) D:12          IceCv (1/1)
 Vaults: D:13-14

Altars:
Ashenzari
Cheibriados
Dithmenos
Elyvilon
Fedhas
Gozag
Hepliaklqana
Kikubaaqudgha
Makhleb
Nemelex Xobeh
Okawaru
Qazlal
Ru
Sif Muna
Trog
Uskayaw
Vehumet
Wu Jian
Xom
Yredelemnul
Zin
The Shining One

Shops:
D:4 :   D:11 !

Annotations:
D:5 2 transporters, TigOlBitties's ghost, novice DEEE
D:11 3 runed translucent doors, Maimakterion's ghost, journeyman GnGl IceCv exclusion: ice statue


Innate Abilities, Weirdness & Mutations

Your experience applies equally to all skills.
You have very sharp teeth.
Your uncanny sense of smell can sniff out nearby items.


Message History

The ice statue is severely damaged.
The ice beast hits you but does no damage.
Your ice beast hits the ice statue but does no damage.
You catch the helpless ice statue completely off-guard!
You slash the ice statue!
The ice statue is almost destroyed.
The ice statue gestures at you. The shard of ice misses you.
Your ice beast hits the ice statue but does no damage.
The ice beast hits you.
* * * LOW HITPOINT WARNING * * *
The ice beast freezes you. You resist.
* * * LOW HITPOINT WARNING * * *
You catch the helpless ice statue completely off-guard!
You hit the ice statue but do no damage.
The ice statue is almost destroyed.
Your ice beast hits the ice statue but does no damage.
The ice statue gestures at you. The shard of ice hits you!!
You partially resist.
You die...

## #.#
####YY#..#
##..@8Y.#
##...YY##|#
#..##.##
#.######
#.####.##
#..#....#
##......##
#...###..##
##.##
##..##


You could see an ice statue, 3 ice beasts and 2 friendly ice beasts.

Vanquished Creatures
  3 two-headed ogres
  An orc knight (D:12)
  A hornet (D:12)
  2 polar bears (IceCv)
  A shadow (D:12)
  2 wyverns (D:8)
  6 yaks
  4 vampire mosquitoes (D:12)
  An acid dragon (D:13)
  4 water moccasins
  An ice beast (D:4)
  5 orc warriors
  3 sky beasts
  6 black bears
  2 phantoms
  4 wolves
  8 ogres
  9 centaurs
  3 big kobolds
  5 bullfrogs
  6 scorpions
  A wyvern skeleton (D:6)
  5 killer bees (D:10)
  13 wights
  3 howler monkeys
  3 vampire bats (D:8)
  3 quasits
  2 centaur zombies
  A bullfrog zombie (D:10)
  7 orc priests
  4 hounds
  2 jellies
  3 centaur skeletons
  A bullfrog skeleton (D:11)
  4 iguanas
  9 orc wizards
  11 worker ants
  Robin (D:4)
  A worker ant zombie (D:8)
  A howler monkey skeleton (D:6)
  18 adders
  2 white imps
  2 ufetubi (D:5)
  2 oozes (D:4)
  2 adder skeletons
  4 worms
  8 leopard geckos
  41 orcs
  3 bat skeletons (D:8)
  2 bat zombies (D:8)
  8 giant cockroaches
  21 goblins
  8 hobgoblins
  16 jackals
  A quokka (D:6)
  A ball python (D:2)
  9 bats
  6 frilled lizards
  16 kobolds
  A quokka skeleton (D:6)
  9 rats
332 creatures vanquished.

Vanquished Creatures (collateral kills)
  A boulder beetle (D:13)
  A hydra (D:13)
  2 two-headed ogres
  An ugly thing (D:13)
  A deep elf mage (D:12)
  A cyclops (D:12)
  4 slime creatures (D:12)
  A troll (D:12)
  A wraith (D:11)
  A water elemental (D:12)
  A yak (D:11)
  7 vampire mosquitoes
  Edmund (D:5)
  A water moccasin (D:8)
  A phantom (D:8)
  3 ice beasts (D:11)
  A necrophage (D:10)
  3 centaurs
  A big kobold (D:9)
  A bullfrog (D:13)
  10 wights
  A killer bee (D:10)
  4 electric eels
  A centaur zombie (D:12)
  6 orc priests (D:12)
  Ijyb (D:4)
  An iguana (D:13)
  A shadow imp (D:5)
  An adder skeleton (D:4)
  A leopard gecko (D:9)
  9 orcs
  A bat zombie (D:8)
71 creatures vanquished.

Vanquished Creatures (others)
  An orc (D:6)
  2 fungi (D:8)
  23 plants
26 creatures vanquished.

Grand Total: 429 creatures vanquished

Notes
Turn   | Place    | Note
-------+----------+-------------------------------------------
     0 | D:1      | robertstho the Gnoll Ice Elementalist began the quest for
                  | the Orb.
     0 | D:1      | Reached XP level 1. HP: 13/13 MP: 6/6
   145 | D:1      | Reached XP level 2. HP: 18/19 MP: 7/7
   917 | D:2      | Found an iron altar of Okawaru.
  1005 | D:2      | Reached skill level 5 in Spellcasting
  1005 | D:2      | Reached XP level 3. HP: 20/25 MP: 6/9
  1010 | D:2      | Learned a level 3 spell: Frozen Ramparts
  1014 | D:2      | Learned a level 3 spell: Ozocubu's Armour
  1226 | D:2      | Reached skill level 1 in Invocations
  1424 | D:2      | Reached skill level 1 in Fighting
  1424 | D:2      | Reached skill level 1 in Short Blades
  1424 | D:2      | Reached skill level 1 in Long Blades
  1424 | D:2      | Reached skill level 1 in Axes
  1424 | D:2      | Reached skill level 1 in Maces & Flails
  1424 | D:2      | Reached skill level 1 in Polearms
  1424 | D:2      | Reached skill level 1 in Staves
  1424 | D:2      | Reached skill level 1 in Slings
  1424 | D:2      | Reached skill level 1 in Bows
  1424 | D:2      | Reached skill level 1 in Crossbows
  1424 | D:2      | Reached skill level 1 in Throwing
  1424 | D:2      | Reached skill level 1 in Armour
  1424 | D:2      | Reached skill level 1 in Shields
  1424 | D:2      | Reached skill level 1 in Unarmed Combat
  1424 | D:2      | Reached skill level 1 in Evocations
  1496 | D:2      | Reached XP level 4. HP: 32/32 MP: 8/11
  1544 | D:2      | Found a snail-covered altar of Cheibriados.
  2400 | D:3      | Reached skill level 1 in Conjurations
  2400 | D:3      | Reached skill level 1 in Hexes
  2400 | D:3      | Reached skill level 1 in Summonings
  2400 | D:3      | Reached skill level 1 in Necromancy
  2400 | D:3      | Reached skill level 1 in Translocations
  2400 | D:3      | Reached skill level 1 in Transmutations
  2400 | D:3      | Reached skill level 1 in Fire Magic
  2400 | D:3      | Reached skill level 1 in Air Magic
  2400 | D:3      | Reached skill level 1 in Earth Magic
  2400 | D:3      | Reached skill level 1 in Poison Magic
  2569 | D:3      | Found a burning altar of Makhleb.
  2572 | D:3      | Found a sacrificial altar of Ru.
  2880 | D:3      | Reached XP level 5. HP: 30/37 MP: 8/12
  3604 | D:4      | Reached XP level 6. HP: 44/44 MP: 9/13
  3610 | D:4      | Learned a level 4 spell: Hailstorm
  3611 | D:4      | Noticed Ijyb
  3615 | D:4      | Learned a level 4 spell: Summon Ice Beast
  3621 | D:4      | Killed Ijyb
  3775 | D:4      | Reached skill level 5 in Dodging
  3971 | D:4      | Reached XP level 7. HP: 49/50 MP: 9/15
  3982 | D:4      | Noticed Robin
  3998 | D:4      | Killed Robin
  4231 | D:4      | Reached skill level 5 in Stealth
  4595 | D:4      | Found Sesoicri's Book Shop.
  4666 | D:5      | Entered Level 5 of the Dungeon
  4729 | D:5      | Noticed Edmund
  4744 | D:5      | Killed Edmund
  4744 | D:5      | Reached XP level 8. HP: 58/58 MP: 5/16
  4820 | D:5      | Found a broken altar of Ashenzari.
  5293 | D:5      | Found a transporter.
  5295 | D:5      | Found a transporter.
  5300 | D:5      | Noticed TigOlBitties's ghost (novice DEEE)
  6443 | D:6      | Reached XP level 9. HP: 65/65 MP: 13/18
  7105 | D:6      | Found a shimmering altar of Xom.
  7332 | D:7      | Found a staircase to the Ecumenical Temple.
  7338 | Temple   | Entered the Ecumenical Temple
  7343 | Temple   | Became a worshipper of Sif Muna the Loreminder
  7819 | D:7      | Found a broken altar of Ashenzari.
  8251 | D:8      | Noticed a two-headed ogre
  8261 | D:8      | Killed a two-headed ogre
  8261 | D:8      | Reached skill level 5 in Invocations
  8546 | D:8      | Reached XP level 10. HP: 35/73 MP: 14/20
  8681 | D:8      | Reached skill level 5 in Fighting
  8681 | D:8      | Reached skill level 5 in Short Blades
  8681 | D:8      | Reached skill level 5 in Long Blades
  8681 | D:8      | Reached skill level 5 in Axes
  8681 | D:8      | Reached skill level 5 in Maces & Flails
  8681 | D:8      | Reached skill level 5 in Polearms
  8681 | D:8      | Reached skill level 5 in Staves
  8681 | D:8      | Reached skill level 5 in Slings
  8681 | D:8      | Reached skill level 5 in Bows
  8681 | D:8      | Reached skill level 5 in Crossbows
  8681 | D:8      | Reached skill level 5 in Throwing
  8681 | D:8      | Reached skill level 5 in Armour
  8681 | D:8      | Reached skill level 5 in Shields
  8681 | D:8      | Reached skill level 5 in Unarmed Combat
  8681 | D:8      | Reached skill level 5 in Evocations
  8928 | D:8      | Found a staircase to the Lair.
  9712 | D:8      | Found an ornate altar of the Wu Jian Council.
  9828 | D:8      | Got a fine robe
  9838 | D:8      | Identified the +2 robe "Ywoaheam" {rF- rCorr Str+3 Stlth+}
                  | (You found it on level 8 of the Dungeon)
 10090 | D:8      | Found an ancient bone altar of Kikubaaqudgha.
 10315 | D:8      | Reached * piety under Sif Muna
 10984 | D:9      | You fall into a shaft and drop 1 floor!
 10984 | D:10     | Entered Level 10 of the Dungeon
 11065 | D:10     | Noticed a two-headed ogre
 11076 | D:10     | Killed a two-headed ogre
 11076 | D:10     | Reached ** piety under Sif Muna
 11396 | D:10     | Noticed a two-headed ogre
 11410 | D:10     | Killed a two-headed ogre
 11410 | D:10     | Reached XP level 11. HP: 81/81 MP: 5/22
 12141 | D:10     | Noticed a two-headed ogre
 12160 | D:10     | Killed a two-headed ogre
 12160 | D:10     | Reached skill level 5 in Conjurations
 12160 | D:10     | Reached skill level 5 in Hexes
 12160 | D:10     | Reached skill level 5 in Summonings
 12160 | D:10     | Reached skill level 5 in Necromancy
 12160 | D:10     | Reached skill level 5 in Translocations
 12160 | D:10     | Reached skill level 5 in Transmutations
 12160 | D:10     | Reached skill level 5 in Fire Magic
 12160 | D:10     | Reached skill level 5 in Air Magic
 12160 | D:10     | Reached skill level 5 in Earth Magic
 12160 | D:10     | Reached skill level 5 in Poison Magic
 12285 | D:10     | Identified the cursed +0 long sword of Painted Tenacity
                  | {speed, rC++ rN+}
 12737 | D:11     | Reached *** piety under Sif Muna
 13123 | D:11     | Found a runed translucent gate.
 13124 | D:11     | Found a runed translucent gate.
 13125 | D:11     | Found a runed translucent gate.
 13125 | D:11     | Noticed Maimakterion's ghost (journeyman GnGl)
 13573 | D:11     | Found Pueptyuse's Distillery.
 13708 | D:11     | Noticed a two-headed ogre
 13718 | D:11     | Killed a two-headed ogre
 14228 | D:12     | Noticed a deep elf mage
 14233 | D:12     | Killed a deep elf mage
 14350 | D:12     | Noticed a cyclops
 14361 | D:12     | Killed a cyclops
 14523 | D:12     | Reached **** piety under Sif Muna
 14527 | D:12     | Noticed an orc knight
 15047 | D:12     | Killed an orc knight
 15128 | D:12     | Reached XP level 12. HP: 68/89 MP: 12/24
 15937 | D:12     | Found a staircase to the Orcish Mines.
 16440 | D:13     | Noticed a five-headed hydra
 16453 | D:13     | Killed a five-headed hydra
 16596 | D:13     | Found a frozen archway.
 16602 | D:13     | Noticed a boulder beetle
 16640 | D:13     | Killed a boulder beetle
 16646 | IceCv    | Entered an ice cave
 17074 | IceCv    | Killed from afar by an ice statue

Illustrated notes

Levels and vault maps discovered:
D:1:      dpeg_cavernosity, layout_rooms, wad_floor_pattern_1
D:2:      layout_basic, cheibriados_altar_1, okawaru_gym_becter
D:3:      layout_basic, grunt_temple_overflow_open, grunt_ministairs_12
D:4:      layout_basic, serial_shops, shop, uniq_robin, uniq_ijyb
D:5:      layout_cave_pools, gammafunk_ghost_hive, basic_altar, uniq_edmund
D:6:      minmay_bubble_buster, layout_basic, nicolae_overflow_hidden_temple,
          serial_bayou, serial_bayou_pond_e, serial_bayou_lake_a,
          serial_bayou_pond_a, serial_bayou_pond_c
D:7:      minmay_spotlight, layout_basic, cheibrodos_ashenzari_chains,
          minmay_temple_entry_enclosed_plants
D:8:      layout_layer_cave, lemuel_crystal_altar, kennysheep_vampire_church,
          minmay_lair_entry_grove
D:9:      layout_basic, uniq_grum
D:10:     layout_small_grid
D:11:     layout_basic, ebering_ghost_rock_garden, serial_shops,
          kennysheep_mini_moat
D:12:     layout_cave_pools, erik_orc_2, kennysheep_diamond
D:13:     layout_long_grid, david_vaults_4, portal_ice_cave_entry_pillars_1,
          einodemon_barbed_minivault
Temple:   minmay_freezing_vapour_temple
IceCv:    ice_cave_caverns_03

Skill      XL: |  1  2  3  4  5  6  7  8  9 10 11 12 |
---------------+-------------------------------------+-----
Spellcasting   | 5 6 7 8 9 |  9.0
Invocations    | 1 2 3 4 5 6 7 8 |  8.0
Fighting       | 1 2 3 4 5 6 7 |  7.3
Short Blades   | 1 2 3 4 5 6 7 |  7.3
Long Blades    | 1 2 3 4 5 6 7 |  7.3
Axes           | 1 2 3 4 5 6 7 |  7.3
Maces & Flails | 1 2 3 4 5 6 7 |  7.3
Polearms       | 1 2 3 4 5 6 7 |  7.3
Staves         | 1 2 3 4 5 6 7 |  7.3
Slings         | 1 2 3 4 5 6 7 |  7.3
Bows           | 1 2 3 4 5 6 7 |  7.3
Crossbows      | 1 2 3 4 5 6 7 |  7.3
Throwing       | 1 2 3 4 5 6 7 |  7.3
Armour         | 1 2 3 4 5 6 7 |  7.3
Shields        | 1 2 3 4 5 6 7 |  7.3
Unarmed Combat | 1 2 3 4 5 6 7 |  7.3
Evocations     | 1 2 3 4 5 6 7 |  7.3
Conjurations   | 1 2 3 4 5 6 |  6.1
Hexes          | 1 2 3 4 5 6 |  6.1
Summonings     | 1 2 3 4 5 6 |  6.1
Necromancy     | 1 2 3 4 5 6 |  6.1
Translocations | 1 2 3 4 5 6 |  6.1
Transmutations | 1 2 3 4 5 6 |  6.1
Fire Magic     | 1 2 3 4 5 6 |  6.1
Air Magic      | 1 2 3 4 5 6 |  6.1
Earth Magic    | 1 2 3 4 5 6 |  6.1
Poison Magic   | 1 2 3 4 5 6 |  6.1
Dodging        | 5 6 7 8 |  8.7
Stealth        | 5 6 7 8 |  8.5
Ice Magic      | 8 9 |  9.4

Action                   |  1- 3 |  4- 6 |  7- 9 | 10-12 || total
-------------------------+-------+-------+-------+-------++-------
Melee: Dagger            |    19 |       |       |       ||    19
       Spear             |    51 |    72 |    54 |       ||   177
       Bite              |     2 |     8 |    11 |    30 ||    51
       Dire flail        |       |       |    49 |   244 ||   293
       Unarmed           |       |       |     4 |       ||     4
       Long sword        |       |       |       |    40 ||    40
       Punch             |       |       |       |     2 ||     2
 Cast: Freeze            |     6 |     6 |    17 |     5 ||    34
       Frozen Ramparts   |     3 |    30 |    51 |    75 ||   159
       Summon Ice Beast  |       |     1 |    14 |   128 ||   143
Invok: Channel Magic     |       |       |       |     4 ||     4
  Use: Scroll            |       |     5 |     9 |     8 ||    22
       Potion            |       |       |       |     3 ||     3
 Stab: Sleeping          |     7 |     5 |     2 |     2 ||    16
       Distracted        |       |       |     1 |    11 ||    12
Armor: Robe              |    18 |     9 |    23 |    91 ||   141
Dodge: Dodged            |    55 |    60 |   132 |   355 ||   602
       Rpst.: Long sword |       |       |       |     1 ||     1

Table legend: (Time is in decaauts)
 A = Elapsed time spent in this place.
 B = Non-inter-level travel time spent in this place.
 C = Inter-level travel time spent in this place.
 D = Time resting spent in this place.
 E = Time spent auto-exploring this place.
 F = Levels seen in this place.
 G = Mean time per level.
                   A        B        C        D        E       F      G
               +--------+--------+--------+--------+--------+-----+--------+
         Total |  17076 |  16550 |    526 |   2028 |  10745 |  15 | 1138.4 |
       Dungeon |  16651 |  16131 |    520 |   1778 |  10647 |  13 | 1280.8 |
        Temple |     10 |      5 |      5 |      0 |      0 |   1 |   10.0 |
      Ice Cave |    413 |    413 |      0 |    250 |     98 |   1 |  413.0 |
               +--------+--------+--------+--------+--------+-----+--------+

Top non-repeatable levels by time:
     D:8: 2169 daAuts
    D:11: 2073 daAuts
    D:12: 1895 daAuts
     D:6: 1595 daAuts
     D:2: 1525 daAuts
    D:10: 1456 daAuts
     D:3: 1332 daAuts
     D:5: 1081 daAuts
     D:4: 1067 daAuts
     D:7: 864 daAuts
     D:1: 744 daAuts
     D:9: 610 daAuts
   IceCv: 413 daAuts
    D:13: 235 daAuts
  Temple: 10 daAuts
